 Dungeon Crawl Stone Soup version 0.20.0-1-g1cb1d84 (webtiles) character file.

166 rustyjosh the Slinger (level 5, -2/34 HPs)
             Began as a Halfling Hunter on May 26, 2017.
             Was an Initiate of Nemelex Xobeh.
             Slain by a two-headed ogre
             ... wielding a +0 giant club
              (5 damage)
             ... on level 4 of the Dungeon.
             The game lasted 00:37:08 (2177 turns).

rustyjosh the Slinger (Halfling Hunter)             Turns: 2177, Time: 00:37:13

Health: -2/34      AC:  6    Str: 13    XL:     5   Next: 76%
Magic:  5/5        EV: 15    Int:  9    God:    Nemelex Xobeh [......]
Gold:   95         SH:  0    Dex: 16    Spells: 4/4 levels left

rFire    . . .     SeeInvis .   a - +3 hunting sling
rCold    . . .     Gourm    .   (shield restricted)
rNeg     . . .     Faith    +   c - +0 leather armour
rPois    .         Spirit   .   p - +1 helmet
rElec    .         Reflect  .   m - +0 cloak
rCorr    .         Harm     .   (no gloves)
MR       .....                  (no boots)
Stlth    ++........             i - amulet of faith
Regen    0.2/turn               (no ring)
MPRegen  0.1/turn               (no ring)

@: no status effects
A: mutation resistance 1
a: Renounce Religion


You were on level 4 of the Dungeon.
You worshipped Nemelex Xobeh.
Nemelex Xobeh was noncommittal.
You were not hungry.

You visited 1 branch of the dungeon, and saw 4 of its levels.

You collected 95 gold pieces.

Inventory:

Hand Weapons
 a - a +3 hunting sling (weapon)
 b - a +0 short sword
 l - a +0 dagger
 n - a +0 hand axe
 y - a +0 club
 z - a +0 giant club
Missiles
 d - 10 sling bullets (quivered)
 e - 93 stones
 k - 15 poisoned needles
Armour
 c - a +0 leather armour (worn)
 m - a +0 cloak (worn)
 p - a +1 helmet (worn)
Jewellery
 i - an amulet of faith (around neck)
Wands
 s - a wand of enslavement (15/24)
Scrolls
 q - 3 scrolls of remove curse
 r - a scroll of magic mapping
 u - a scroll of fear
Potions
 f - a potion of flight {unknown}
 h - 2 potions of curing
 o - a potion of degeneration {unknown}
 t - 2 potions of magic
 v - a potion of cancellation {unknown}
Miscellaneous
 j - a plain deck of summoning
 x - a plain deck of summoning {drawn: 2}
Comestibles
 g - 4 meat rations
 w - a bread ration


   Skills:
 + Level 2.2 Fighting
 + Level 8.5 Slings
 + Level 1.4 Armour
 + Level 2.4 Dodging
 + Level 1.8 Stealth


You had 4 spell levels left.
You didn't know any spells.

Dungeon Overview and Level Annotations

Branches:
Dungeon (4/15)
 Temple: D:4-7

Altars:
Fedhas
Nemelex Xobeh
Ru
Sif Muna
Trog
Yredelemnul
The Shining One


Innate Abilities, Weirdness & Mutations

You are small and have problems with some larger weapons.
You are somewhat resistant to further mutation.


Message History

The two-headed ogre is moderately wounded.
The two-headed ogre hits you with a giant club!
The two-headed ogre misses you.
Firing (i - inventory. (,) - cycle):
d - 12 sling bullets (quivered)
Press: ? - help, Shift-Dir - straight line, f/p - two-headed ogre
Aim: a two-headed ogre, wielding two giant clubs (moderately wounded)
You shoot a sling bullet.
The sling bullet barely misses the two-headed ogre.
Firing (i - inventory. (,) - cycle):
d - 11 sling bullets (quivered)
Press: ? - help, Shift-Dir - straight line, f/p - two-headed ogre
Aim: a two-headed ogre, wielding two giant clubs (moderately wounded)
You shoot a sling bullet.
The sling bullet hits the two-headed ogre.
The two-headed ogre is moderately wounded.
The two-headed ogre hits you with a giant club!!
Ouch! That really hurt!
* * * LOW HITPOINT WARNING * * *
The two-headed ogre hits you with a giant club.
You die...
Your body disappears without a glow.

.### ....# ######
#..########.....#
#........<......#
....#..#####.....#
# #@.# .....# #O.#
###### #..((%.#
...#(....#
.(.....# ##(....##
#(#...> .......
....#..#


You could see a two-headed ogre.

Vanquished Creatures
  An ogre (D:3)
  3 adders
  2 oozes
  A dart slug (D:2)
  An orc (D:3)
  A bat (D:2)
  3 giant cockroaches
  11 goblins
  2 hobgoblins
  4 jackals (D:2)
  2 quokkas (D:2)
  A ball python (D:1)
  2 frilled lizards (D:2)
  6 kobolds
  2 rats
42 creatures vanquished.

Notes
Turn   | Place    | Note
-------+----------+-------------------------------------------
     0 | D:1      | rustyjosh the Halfling Hunter began the quest for the Orb.
     0 | D:1      | Reached XP level 1. HP: 14/14 MP: 1/1
   237 | D:1      | Reached skill level 6 in Slings
   428 | D:1      | Reached XP level 2. HP: 19/19 MP: 2/2
   841 | D:2      | Reached XP level 3. HP: 24/24 MP: 3/3
   948 | D:2      | Reached skill level 7 in Slings
  1296 | D:2      | Found a basalt altar of Yredelemnul.
  1422 | D:3      | Reached XP level 4. HP: 25/29 MP: 4/4
  1669 | D:3      | Found a sacrificial altar of Ru.
  1671 | D:3      | Found a bloodstained altar of Trog.
  1671 | D:3      | Found a glowing golden altar of the Shining One.
  1672 | D:3      | Found a sparkling altar of Nemelex Xobeh.
  1672 | D:3      | Found a deep blue altar of Sif Muna.
  1702 | D:3      | Became a worshipper of Nemelex Xobeh the Trickster
  1810 | D:3      | Found a blossoming altar of Fedhas.
  1918 | D:3      | Received a gift from Nemelex Xobeh
  2081 | D:3      | Noticed an ogre
  2095 | D:3      | Killed an ogre
  2095 | D:3      | Reached skill level 8 in Slings
  2095 | D:3      | Reached skill level 1 in Armour
  2095 | D:3      | Reached XP level 5. HP: 25/34 MP: 5/5
  2163 | D:4      | Received a gift from Nemelex Xobeh
  2169 | D:4      | Noticed a two-headed ogre
  2177 | D:4      | Slain by a two-headed ogre

Skill      XL: |  1  2  3  4 |
---------------+-------------+-----
Slings         | 6 7 8 |  8.5
Fighting       | 2 |  2.2
Armour         | 1 |  1.4
Dodging        | |  2.4
Stealth        | |  1.8

Action                   |  1- 3 |  4- 6 || total
-------------------------+-------+-------++-------
Melee: Hunting sling     |     2 |       ||     2
 Fire: Hunting sling     |    75 |    45 ||   120
Evoke: Deck              |       |     2 ||     2
  Use: Scroll            |     9 |     3 ||    12
       Potion            |       |     1 ||     1
  Eat: Bread ration      |     1 |       ||     1
Armor: Leather armour    |     4 |       ||     4
Dodge: Dodged            |     9 |     2 ||    11
